 Dungeon Crawl Stone Soup version 0.21.1-1-g345015f (webtiles) character file.

262 joejoepie the Skirmisher (level 5, 0/47 HPs)
             Began as a Demonspawn Abyssal Knight on May 11, 2018.
             Was a Believer of Lugonu.
             Slain by a gnoll
             ... wielding a +2 halberd of protection
              (7 damage)
             ... on level 2 of the Dungeon.
             The game lasted 00:21:12 (3435 turns).

joejoepie the Skirmisher (DsAK)                     Turns: 3435, Time: 00:21:13

Health: 0/47       AC:  5    Str: 14    XL:     5   Next: 97%
Magic:  6/6        EV:  9    Int: 13    God:    Lugonu [**....]
Gold:   142        SH:  7    Dex: 12    Spells: 4/4 levels left

rFire    . . .     SeeInvis .   a - +3 dagger (venom)
rCold    . . .     Gourm    .   e - +0 shield
rNeg     . . .     Faith    .   m - +1 leather armour
rPois    .         Spirit   .   k - +0 helmet
rElec    .         Reflect  .   (no cloak)
rCorr    .         Harm     .   (no gloves)
MR       .....     Clarity  +   (no boots)
Stlth    +.........             (no amulet)
HPRegen  0.15/turn              (no ring)
MPRegen  0.10/turn              (no ring)

@: no status effects
A: claws 1, clarity, demonic guardian 1, robust 1
a: Depart the Abyss, Bend Space, Renounce Religion


You were on level 2 of the Dungeon.
You worshipped Lugonu.
Lugonu was pleased with you.
You were not hungry.

You visited 1 branch of the dungeon, and saw 3 of its levels.
You visited the Abyss 1 time.

You collected 142 gold pieces.

Inventory:

Hand Weapons
 a - a +3 dagger of venom (weapon)
 b - a +0 hunting sling
 f - a +1 hand axe
Missiles
 d - 89 stones (quivered)
Armour
 e - a +0 shield (worn)
 k - a +0 helmet (worn)
 m - a +1 leather armour (worn)
Scrolls
 j - 3 scrolls of identify
Comestibles
 c - 11 rations
 h - 4 chunks of flesh


   Skills:
 + Level 4.4 Fighting
 + Level 2.0 Short Blades
 + Level 2.3 Axes
 + Level 1.4 Slings
 + Level 2.6 Armour
 + Level 1.8 Dodging
 + Level 0.9 Stealth
 + Level 0.5 Shields
 + Level 2.4 Invocations


You had 4 spell levels left.
You didn't know any spells.

Dungeon Overview and Level Annotations

Branches:
Dungeon (3/15)

Altars:
Trog


Innate Abilities, Weirdness & Mutations

You have sharp fingernails.
A weak demonic guardian rushes to your aid.
You possess an exceptional clarity of mind.
You are robust. (+10% HP)


Message History

You hit the gnoll.
You kill the gnoll!
Lugonu accepts your kill. The gnoll barely misses you.
You block the gnoll's attack.
Things that are here:
a halberd; a whip The gnoll hits you from afar with a halberd of protection!
* * * LOW HITPOINT WARNING * * *
You feel better. Space bends around you!
You blink.
You block the gnoll's attack.
The gnoll hits you from afar with a halberd of protection.
* * * LOW HITPOINT WARNING * * *
You feel better.
The gnoll hits you from afar with a halberd of protection!
* * * LOW HITPOINT WARNING * * *
There is an open door here.
The gnoll hits you but does no damage.
The gnoll hits you from afar with a halberd of protection!
You die...

#.# #...# #### #.#
#...# #...
#)###...########...
#>......#≈≈≈≈#.....
######'##≈..≈######
#.....'...≈#
#.....#≈≈≈≈#
###.g...######
#.@........#
#.#........#
#.####.....# #.#
#.....# #.# #######
#.# #.# ##'## #...#


You could see a gnoll.

Vanquished Creatures
  An ogre (D:3)
  2 orc priests (D:3)
  4 adders
  5 gnolls
  2 worms
  A dart slug (D:2)
  A leopard gecko (D:1)
  2 orcs (D:3)
  2 ball pythons
  A giant cockroach (D:3)
  5 goblins
  10 hobgoblins
  5 jackals
  2 quokkas
  8 bats
  5 frilled lizards
  9 kobolds
  7 rats
72 creatures vanquished.

Vanquished Creatures (collateral kills)
  An adder (D:3)
  4 orcs (D:3)
5 creatures vanquished.

Grand Total: 77 creatures vanquished

Notes
Turn   | Place    | Note
-------+----------+-------------------------------------------
     0 | Abyss:1  | joejoepie the Demonspawn Abyssal Knight began the quest for the Orb.
     0 | Abyss:1  | Reached XP level 1. HP: 18/18 MP: 2/2
    15 | Abyss:1  | Found a corrupted altar of Lugonu.
    53 | Abyss:1  | Found a corrupted altar of Lugonu.
   110 | Abyss:1  | Noticed a large abomination
   132 | Abyss:1  | Noticed a blink frog
   135 | D:1      | Escaped the Abyss
   290 | D:1      | Reached skill level 1 in Dodging
   795 | D:1      | Reached * piety under Lugonu
   826 | D:1      | Gained mutation: You have sharp fingernails. [demonic ancestry]
   826 | D:1      | Reached XP level 2. HP: 23/24 MP: 3/3
  1201 | D:1      | Reached XP level 3. HP: 28/30 MP: 4/4
  1267 | D:1      | You fall through a shaft!
  1491 | D:2      | Gained mutation: You are weak. (Str -2) [potion of mutation]
  1491 | D:2      | Lost mutation: You are weak. (Str -2) [potion of mutation]
  1491 | D:2      | Gained mutation: You possess an exceptional clarity of mind. [potion of mutation]
  1491 | D:2      | Gained mutation: You are robust. (+10% HP) [potion of mutation]
  1621 | D:2      | Reached ** piety under Lugonu
  1798 | D:2      | Found a bloodstained altar of Trog.
  1889 | D:2      | Reached skill level 4 in Fighting
  1895 | D:2      | Gained mutation: A weak demonic guardian rushes to your aid. [demonic ancestry]
  1895 | D:2      | Reached XP level 4. HP: 34/40 MP: 5/5
  2378 | D:3      | Reached skill level 1 in Short Blades
  2658 | D:3      | Noticed an ogre
  2890 | D:3      | Killed an ogre
  2890 | D:3      | Reached skill level 1 in Slings
  2890 | D:3      | Reached XP level 5. HP: 44/46 MP: 6/6
  3418 | D:2      | HP: 2/47 [gnoll/halberd of protection (12)]
  3435 | D:2      | Slain by a gnoll

Skill      XL: |  1  2  3  4  5 |
---------------+----------------+-----
Dodging        | 1 |  1.8
Axes           | 2 |  2.3
Armour         | 2 |  2.6
Fighting       | 4 |  4.4
Short Blades   | 1 2 |  2.0
Slings         | 1 |  1.4
Stealth        | |  0.9
Shields        | |  0.5
Invocations    | |  2.4

Action                   |  1- 3 |  4- 6 || total
-------------------------+-------+-------++-------
Melee: Hand axe          |    34 |       ||    34
       Dagger            |    89 |    86 ||   175
 Fire: Hunting sling     |     4 |    21 ||    25
Invok: Depart the Abyss  |     1 |       ||     1
       Bend Space        |       |     1 ||     1
  Use: Scroll            |     4 |     3 ||     7
       Potion            |     6 |     3 ||     9
 Stab: Sleeping          |       |     1 ||     1
  Eat: Chunk             |     3 |     5 ||     8
Armor: Leather armour    |    38 |    19 ||    57
Dodge: Dodged            |    63 |    30 ||    93
Block: Shield            |     6 |    27 ||    33
